AoeStats
← Reis

Hill Fort

504859724Analyzed
4v4 RM · 27d ago on Sep 6, 2026· 57m 15s· 8 players
Game mode
Random Map
Map size
Large (8 player)
Population
200
Speed
Normal
Resources
Standard
Victory
Conquest
Starting age
Dark Age
Ending age
Imperial Age
RankedLock teamsTeams togetherTeam positionsShared explorationLock speedFull tech treeHidden civsTurbo modeCheats
Victory
Defeat
🇺🇸 Aztecs · United States
1429
+14
🇺🇸 Bulgarians · United States
1400
+15
🇦🇷 Huns · Argentina
1363
+16
🇲🇽 Spanish · Mexico
1353
+17
🇨🇭 Bulgarians · Switzerland
1432
-18
🇩🇪 Italians · Germany
1373
-15
🇨🇿 Mongols · Czechia
1365
-15
🇫🇷 Persians · France
1336
-14
JOK3R_LSR
5:48 Loom
8:34 Feudal Age
9:18 Double-Bit Axe
20:19 Castle Age
18:28 Horse Collar
18:48 Gold Mining
20:46 Bloodlines
20:48 Scale Barding Armor
20:24 Light Cavalry
22:04 Forging
23:05 Husbandry
32:26 Bow Saw
32:20 Heavy Plow
34:09 Iron Casting
35:32 Chain Barding Armor
37:27 Gold Shaft Mining
38:18 Wheelbarrow
37:28 Town Watch
39:13 Hand Cart
38:59 Town Patrol
42:26 Imperial Age
42:16 Cavalier
43:34 Plate Barding Armor
44:40 Savar
45:56 Hussar
49:33 Caravan
54:30 Fletching
55:55 Blast Furnace
Reis
5:22 Loom
10:49 Feudal Age
17:41 Castle Age
16:02 Double-Bit Axe
17:59 Scale Barding Armor
18:08 Forging
19:43 Chain Barding Armor
21:01 Fletching
22:03 Bodkin Arrow
28:21 Wheelbarrow
29:27 Bow Saw
31:12 Horse Collar
36:32 Heavy Plow
37:21 Stone Mining
37:21 Gold Mining
38:28 Hand Cart
39:00 Stone Shaft Mining
41:33 Imperial Age
40:11 Gold Shaft Mining
40:24 Husbandry
40:28 Padded Archer Armor
41:17 Iron Casting
41:02 Chain Barding Armor
40:56 Bloodlines
40:50 Squires
40:35 Gambesons
40:36 Arson
41:25 Scale Mail Armor
43:15 Blast Furnace
42:51 Plate Barding Armor
42:53 Conscription
42:30 Stirrups
43:05 Elite Konnik
43:11 Elite Konnik
44:31 Chain Mail Armor
45:49 Plate Mail Armor
53:02 Caravan
fall
7:40 Loom
10:16 Feudal Age
10:45 Double-Bit Axe
11:38 Bloodlines
15:05 Horse Collar
21:08 Castle Age
20:58 Wheelbarrow
22:04 Bow Saw
21:55 Heavy Plow
22:15 Town Watch
22:24 Stone Mining
22:25 Gold Mining
24:23 Fletching
26:26 Bodkin Arrow
28:55 Padded Archer Armor
28:56 Husbandry
29:48 Ballistics
40:45 Imperial Age
39:53 Thumb Ring
40:47 Scale Barding Armor
40:55 Elite Mangudai
42:04 Bracer
41:37 Light Cavalry
42:58 Conscription
43:15 Leather Archer Armor
44:03 Chemistry
43:14 Masonry
44:01 Forging
44:11 Chain Barding Armor
44:47 Hussar
46:53 Iron Casting
47:25 Caravan
47:56 Coinage
48:44 Blast Furnace
48:10 Hand Cart
50:09 Fortified Wall
51:24 Banking
53:26 Parthian Tactics
53:33 Heavy Cavalry Archer
54:04 Capped Ram
55:13 Siege Ram
Eleandro
9:52 Loom
12:01 Feudal Age
14:57 Double-Bit Axe
17:03 Horse Collar
23:14 Castle Age
22:22 Fletching
22:32 Padded Archer Armor
29:06 Bodkin Arrow
30:58 Leather Archer Armor
38:47 Imperial Age
37:23 Wheelbarrow
36:35 Town Watch
38:51 Ballistics
39:40 Bracer
41:32 Ring Archer Armor
42:21 Chemistry
41:45 Treadmill Crane
42:29 Squires
42:16 Arson
42:45 Elite Genoese Crossbowman
48:30 Caravan
51:39 Forging
Vingtor
6:46 Loom
9:02 Feudal Age
11:03 Fletching
18:30 Double-Bit Axe
20:40 Horse Collar
22:09 Wheelbarrow
24:48 Castle Age
23:50 Forging
23:46 Scale Barding Armor
24:03 Bloodlines
28:42 Husbandry
30:49 Hand Cart
31:20 Chain Barding Armor
31:22 Town Watch
32:04 Bow Saw
32:02 Heavy Plow
33:17 Iron Casting
33:08 Gold Mining
33:40 Scale Mail Armor
35:41 Bodkin Arrow
35:47 Padded Archer Armor
36:53 Leather Archer Armor
39:27 Imperial Age
36:21 Elite Skirmisher
38:29 Thumb Ring
38:55 Ballistics
41:21 Chemistry
40:25 Bracer
41:21 Elite Konnik
42:21 Stirrups
46:37 Masonry
51:26 Light Cavalry
53:08 Blast Furnace
52:24 Chain Mail Armor
52:44 Plate Barding Armor
55:56 Caravan
57:07 Plate Mail Armor
58:17 Gold Shaft Mining
57:33 Stone Mining
pNaStY- oG.
8:20 Loom
11:20 Feudal Age
13:13 Double-Bit Axe
13:12 Horse Collar
17:56 Castle Age
16:18 Gold Mining
17:06 Scale Mail Armor
17:21 Forging
18:52 Chain Mail Armor
20:13 Iron Casting
20:10 Squires
21:25 Arson
24:05 Eagle Warrior
24:48 Stone Mining
27:29 Gold Shaft Mining
28:03 Bow Saw
32:08 Wheelbarrow
32:40 Fletching
33:01 Town Watch
37:48 Imperial Age
38:43 Elite Eagle Warrior
39:51 Conscription
40:23 Plate Mail Armor
41:47 Blast Furnace
42:26 Stone Shaft Mining
43:54 Garland Wars
46:14 Hand Cart
47:56 Bodkin Arrow
51:11 Caravan
53:24 Heavy Plow
55:27 Bracer
56:10 Fortified Wall
57:01 Chemistry
cquonck
11:54 Feudal Age
16:11 Castle Age
14:16 Double-Bit Axe
14:14 Horse Collar
17:40 Bow Saw
17:30 Heavy Plow
19:23 Wheelbarrow
23:19 Padded Archer Armor
25:03 Loom
25:44 Stone Mining
25:46 Gold Mining
27:42 Husbandry
28:26 Pikeman
34:37 Imperial Age
32:19 Town Watch
33:33 Hand Cart
33:53 Fletching
34:35 Bodkin Arrow
34:35 Elite Skirmisher
36:23 Two-Man Saw
35:47 Conscription
35:50 Bracer
36:06 Leather Archer Armor
36:12 Ballistics
36:53 Chemistry
37:36 Ring Archer Armor
37:18 Forging
37:09 Scale Mail Armor
37:13 Squires
36:59 Gambesons
38:00 Masonry
37:38 Halberdier
40:34 Thumb Ring
41:44 Chain Mail Armor
42:05 Iron Casting
42:56 Plate Mail Armor
46:46 Capped Ram
49:00 Blast Furnace
48:06 Scale Barding Armor
47:41 Siege Ram
51:24 Bloodlines
50:35 Light Cavalry
51:50 Chain Barding Armor
52:13 Hussar
53:36 Plate Barding Armor
NahuXeneize
9:56 Feudal Age
10:52 Double-Bit Axe
10:47 Horse Collar
15:42 Loom
18:18 Castle Age
16:28 Gold Mining
17:14 Bloodlines
18:14 Scale Barding Armor
18:19 Forging
19:21 Bow Saw
22:23 Wheelbarrow
24:02 Chain Barding Armor
29:43 Hand Cart
31:58 Gold Shaft Mining
31:45 Husbandry
37:03 Imperial Age
37:12 Iron Casting
37:15 Cavalier
38:31 Plate Barding Armor
38:19 Conscription
40:12 Paladin
47:56 Blast Furnace
46:46 Fletching
48:40 Light Cavalry
52:39 Fletching
53:48 Ballistics
54:29 Chemistry
53:40 Masonry
53:44 Hussar
55:40 Caravan
Connection lost

Rejoining the realm…

Still unreachable

The connection could not be restored.

Session expired

The server has moved on; the page needs a fresh start.